 Dungeon Crawl Stone Soup version 0.19.1 (webtiles) character file.

80 sveltemanboy the Chopper (level 4, -4/39 HPs)
             Began as a Hill Orc Monk on Dec 13, 2016.
             Was a Believer of Beogh.
             Slain by an ogre
             ... wielding a +0 giant club
              (13 damage)
             ... on level 3 of the Dungeon.
             The game lasted 00:04:20 (1818 turns).

sveltemanboy the Chopper (Hill Orc Monk)            Turns: 1818, Time: 00:04:21

Health: -4/39      AC:  8    Str: 14    XL:     4   Next: 39%
Magic:  4/4        EV: 11    Int: 10    God:    Beogh [**....]
Gold:   132        SH:  0    Dex: 13    Spells: 0 memorised, 3 levels left

rFire  x . .     SeeInvis .     a - +0 hand axe
rCold  + . .     Gourm    .     m - +0 ring mail
rNeg   . . .     Faith    .     (no shield)
rPois  .         Spirit   .     (no helmet)
rElec  .         Reflect  .     (no cloak)
rCorr  .         Harm     .     g - +2 pair of gloves
MR     .....                    (no boots)
Stlth  +.........               (no amulet)
                                (no ring)
                                f - ring of ice

@: no status effects
A: no striking features
a: Smiting, Renounce Religion


You were on level 3 of the Dungeon.
You worshipped Beogh.
Beogh was pleased with you.
You were hungry.

You visited 1 branch of the dungeon, and saw 3 of its levels.

You collected 132 gold pieces.

Inventory:

Hand Weapons
 a - a +0 hand axe (weapon)
Armour
 g - a +2 pair of gloves (worn)
 m - a +0 ring mail (worn)
Jewellery
 f - a ring of ice (left hand)
Scrolls
 e - a scroll of enchant weapon {unknown}
 h - 2 scrolls of remove curse {unknown}
 i - a scroll of immolation {unknown}
 k - a scroll of blinking {unknown}
 l - a scroll of fear {unknown}
 o - 2 scrolls of identify {unknown}
 r - 2 scrolls of recharging {unknown}
Potions
 n - a potion of cancellation {unknown}
 p - a potion of agility {unknown}
 s - a potion of curing {unknown}
Comestibles
 c - 2 bread rations
 d - a slice of pizza
 q - a beef jerky


   Skills:
 - Level 3.6 Fighting
 * Level 6.2 Axes
 + Level 1.8 Armour
 - Level 2.4 Dodging
 - Level 1.5 Stealth


You had 3 spell levels left.
You didn't know any spells.

Dungeon Overview and Level Annotations

Branches:
Dungeon (3/15)

Altars:
Trog


Message History

The ogre is heavily wounded.
The ogre barely misses you.
You hit the ogre but do no damage.
The ogre is heavily wounded.
You hit the ogre.
The ogre is heavily wounded.
The ogre hits you with a giant club.
You hit the ogre.
The ogre is severely wounded.
The ogre hits you with a giant club!!
Ouch! That really hurt!
* * * LOW HITPOINT WARNING * * *
You are too injured to fight recklessly!
You are too injured to fight recklessly!
There is an open door here.
Okay, then.
As you read the scroll labeled KUDIRO UPSOCH, it crumbles to dust.
You feel aware of your surroundings.
It was a scroll of magic mapping.
The ogre hits you with a giant club!
You die...

**,,,,,** *,**,,,,*
**,,,,,,,** **,,,**
*,**,,,,*
*,,,,,,,,,, *#+#*
*,***,,,*
**,,,,,,,*, #.# *,*
*,,,* **,,,,,**, #.#
*,***,,,* **,,,,,,,
##.## *,,,,,,**
**,****, ##...##
******,# *** *,
####.....#########.#
*,
....#...#......O@..#
*,
###.##.#....<#######
** #..........#
####.#.....#
#.##...## #.######
*** #.# **,**
******* #.#
*******,*,** *,,,,,*
#####.#
**,,,**,***,**
*,***,*


You could see an ogre.

Vanquished Creatures
  4 gnolls (D:2)
  A dart slug (D:1)
  2 leopard geckos (D:1)
  4 bats
  2 giant cockroaches
  8 goblins
  5 hobgoblins
  3 kobolds
  A ball python (D:2)
  2 frilled lizards (D:2)
  5 rats (D:1)
37 creatures vanquished.

Vanquished Creatures (others)
  An orc (D:3)
  A frilled lizard (D:3)
2 creatures vanquished.

Grand Total: 39 creatures vanquished

Notes
Turn   | Place    | Note
-------+----------+-------------------------------------------
     0 | D:1      | sveltemanboy the Hill Orc Monk began the quest for the Orb.
     0 | D:1      | Reached XP level 1. HP: 19/19 MP: 1/1
   210 | D:1      | Reached XP level 2. HP: 22/26 MP: 2/2
   401 | D:1      | Reached skill level 5 in Axes
   521 | D:1      | Reached XP level 3. HP: 31/31 MP: 3/3
   819 | D:2      | Found a faded altar of an unknown god.
   897 | D:2      | Reached skill level 1 in Armour
  1183 | D:2      | Reached skill level 6 in Axes
  1183 | D:2      | Reached XP level 4. HP: 39/39 MP: 4/4
  1501 | D:2      | Found a bloodstained altar of Trog.
  1755 | D:3      | Became a worshipper of Beogh the Brigand
  1755 | D:3      | Reached * piety under Beogh
  1755 | D:3      | Reached ** piety under Beogh
  1770 | D:3      | Noticed an ogre
  1818 | D:3      | Slain by an ogre

Skill      XL: |  1  2  3 |
---------------+----------+-----
Axes           | 5 6 |  6.2
Armour         | 1 |  1.8
Fighting       | |  3.6
Dodging        | |  2.4
Stealth        | |  1.5

Action                   |  1- 3 |  4- 6 || total
-------------------------+-------+-------++-------
Melee: Hand axe          |   101 |    38 ||   139
Invok: Convert to Beogh  |       |     1 ||     1
  Use: Scroll            |       |     1 ||     1
 Stab: Sleeping          |     1 |       ||     1
  Eat: Chunk             |     1 |     1 ||     2
Armor: Leather armour    |    16 |       ||    16
       Robe              |     1 |       ||     1
       Ring mail         |    13 |    10 ||    23
Dodge: Dodged            |    50 |    19 ||    69
